 Dungeon Crawl Stone Soup version 0.29.1-15-g9cfb28693d (webtiles) character file.

Game seed: 14145639156423536982

45 Carnifexus the Magician (level 3, -5/26 HPs)
             Began as a Djinni Hedge Wizard on Mar 27, 2023.
             Slain by Terence
             ... wielding a +0 flail
              (10 damage)
             ... on level 1 of the Dungeon.
             The game lasted 00:10:53 (2517 turns).

Carnifexus the Magician (Djinni Hedge Wizard)       Turns: 2517, Time: 00:10:53

Health: -5/26      AC:  2    Str:  9    XL:     3   Next: 90%
Gold:   32         EV: 12    Int: 17    God:
                   SH:  0    Dex: 12

rFire   + + .      SeeInvis .   a - +0 dagger
rCold   x . .      Faith    .   (no shield)
rNeg    . . .      Spirit   .   b - +0 robe
rPois   ∞          Reflect  .   c - +0 hat
rElec   .          Harm     .   (no cloak)
rCorr   .          Rampage  .   (no gloves)
Will    .....                   (boots unavailable)
Stlth   ++........              (no amulet)
HPRegen 0.08/turn               (no ring)
MPRegen 0.00/turn               (no ring)

@: flying
A: sickness immunity, fire resistance 2, cold vulnerability 1, float, innate
caster, HP casting, extra vitality 1
a: no special abilities


You were on level 1 of the Dungeon.
You visited 1 branch of the dungeon, and saw 3 of its levels.

You collected 32 gold pieces.

Inventory:

Hand Weapons
 a - a +0 dagger (weapon)
Armour
 b - a +0 robe (worn)
 c - a +0 hat (worn)
Scrolls
 d - a scroll of fear {unknown}
 e - a scroll of enchant weapon {unknown}
 f - a scroll of noise {unknown}
 h - a scroll of identify {unknown}
 k - a scroll of amnesia {unknown}
Potions
 g - a potion of ambrosia {unknown}
 i - 2 potions of curing {unknown}
 j - a potion of heal wounds {unknown}
 l - a potion of haste {unknown}


   Skills:
 + Level 0.4 Fighting
 + Level 0.3 Short Blades
 + Level 2.4 Dodging
 + Level 1.8 Stealth
 + Level 3.2 Spellcasting


You couldn't memorise any spells.
You knew the following spells:

 Your Spells              Type           Power      Damage    Failure   Level
a - Magic Dart            Conj           52%        1d5       4%          1
b - Blink                 Tloc           26%        N/A       7%          2
c - Call Imp              Summ           13%        N/A       7%          2
d - Slow                  Hex            52%        N/A       4%          1
e - Conjure Flame         Conj/Fire      13%        6-21      14%         3
f - Mephitic Cloud        Conj/Pois/Air  13%        N/A       14%         3
g - Apportation           Tloc           26%        N/A       4%          1
Your spell library was empty.

Dungeon Overview and Level Annotations

Branches:
Dungeon (3/15)

Altars:

Annotations:
D:1 Terence
D:2 Sigmund


Innate Abilities, Weirdness & Mutations

You are immune to sickness and miasma.
You are immune to poison.
Your flesh is very heat resistant. (rF++)
You are vulnerable to cold. (rC-)
You float through the air rather than walking.
You learn spells naturally, not from books.
Your magical power is your life essence.
You have superior vitality. (+4 MHP)


Message History

A kobold comes into view. It is wielding a +0 short sword.
The kobold shouts!
Casting: Blink (safe; 7% risk of failure)
Confirm with . or Enter, or press ? or * to list all spells.
The spell is quite dangerous to miscast (14% risk of failure)!
Continue anyway?
Aiming: Mephitic Cloud (quite dangerous; 14% risk of failure)
Press: ? - help, Shift-Dir - straight line, f - kobold
Aim: a kobold, wielding a +0 short sword (chance to affect: 96%)
The ball explodes into a vile cloud!
The stinking cloud engulfs the kobold but does no damage.
You hear a shout!
The kobold is engulfed in noxious fumes.
The kobold appears confused.
Casting: Mephitic Cloud (quite dangerous; 14% risk of failure)
Confirm with . or Enter, or press ? or * to list all spells.
Aiming: Magic Dart (safe; 4% risk of failure)
Press: ? - help, Shift-Dir - straight line, f/p - kobold
Aim: a kobold, wielding a +0 short sword (noxious fumes, confused, 100% to hit)
The magic dart hits the kobold.
The kobold is severely wounded.
The kobold is engulfed in noxious fumes.
The kobold appears confused.
Casting: Magic Dart (safe; 4% risk of failure)
Confirm with . or Enter, or press ? or * to list all spells.
Aiming: Magic Dart (safe; 4% risk of failure)
Press: ? - help, Shift-Dir - straight line, f/p - kobold
Aim: a kobold, wielding a +0 short sword (severely wounded, confused, 100% to hit)
The magic dart hits the kobold.
You kill the kobold!
You start resting.
Sigmund is nearby!
There is a stone staircase leading up here.
You fly upwards.
Level annotation: Terence Terence hits you with a +0 flail.
There is a stone staircase leading down here.
Terence attacks as you move away! Terence hits you with a +0 flail!
* * * LOW HITPOINT WARNING * * *
Terence attacks as you move away! Terence hits you with a +0 flail!
You die...

#.......#
####.....#......###
#.......# #.......####..##
#.......# #.......# ##.##
#.......# ##.......## #.##
#.......# #...#.....####...
#######.#
###.....#....#))... #.#
#..............)... #.#
#.............(.#.. #.##
##@@................ #..#
##.......##.#..#.#...
##.####...#....##.##.#...##
#.##....##.#####....#####
#....####### ###..# ######
####


You could see Terence.

Vanquished Creatures
  An adder (D:3)
  A dart slug (D:1)
  4 endoplasms
  3 giant cockroaches (D:1)
  4 goblins (D:1)
  A hobgoblin (D:1)
  2 quokkas
  5 ball pythons (D:1)
  4 bats (D:1)
  2 frilled lizards (D:1)
  5 kobolds
  A rat (D:1)
33 creatures vanquished.

Notes
Turn   | Place    | Note
-------+----------+-------------------------------------------
     0 | D:1      | Carnifexus the Djinni Hedge Wizard began the quest for the
                  | Orb.
     0 | D:1      | Carnifexus set off with the following spells memorised:
                  | Magic Dart, Blink, Call Imp, Slow, Conjure Flame, Mephitic
                  | Cloud.
     0 | D:1      | Reached XP level 1. HP: 15/15 MP: 0/0
   156 | D:1      | Reached XP level 2. HP: 21/21 MP: 0/0
   353 | D:1      | Reached skill level 3 in Spellcasting
   541 | D:1      | Reached XP level 3. HP: 16/25 MP: 0/0
   541 | D:1      | Learned a level 1 spell: Apportation
  1539 | D:2      | Noticed Sigmund
  1539 | D:2      | You are sucked into a shaft and drop 1 floor!
  1813 | D:2      | Noticed Terence
  2517 | D:1      | Slain by Terence

Illustrated notes

Levels and vault maps discovered:
D:1:      amcnicky_arrival_flooded_fountain, layout_rooms
D:2:      layout_basic, basic_altar, hangedman_feature_mirror,
          chequers_serial_rivers_large_a, kennysheep_boxes, uniq_sigmund,
          uniq_terence
D:3:      layout_loops_ring

Skill      XL: |  1  2 |
---------------+-------+-----
Spellcasting   | 3 |  3.2
Fighting       | |  0.4
Short Blades   | |  0.3
Dodging        | |  2.4
Stealth        | |  1.8

Action                   || total
-------------------------++-------
Melee: Dagger            ||    66
 Cast: Magic Dart        ||    43
       Blink             ||     7
       Conjure Flame     ||     2
       Mephitic Cloud    ||     1
       Call Imp          ||     1
 Stab: Sleeping          ||     2
Armor: Robe              ||    26
Dodge: Dodged            ||    88
